 Seeded DCSS version 0.29.1 (webtiles) character file.

Game seed: 9708579739092153053 (custom seed)

110 GigaChad the Conjurer (level 4, 0/24 HPs)
             Began as a Deep Elf Conjurer on Sept 14, 2022.
             Slain by a black bear (4 damage)
             ... on level 6 of the Dungeon.
             The game lasted 00:12:40 (2711 turns).

GigaChad the Conjurer (Deep Elf Conjurer)           Turns: 2711, Time: 00:12:40

Health: 0/24       AC:  2    Str: 10    XL:     4   Next: 61%
Magic:  21/22      EV: 12    Int: 25    God:
Gold:   143        SH:  0    Dex: 13    Spells: 3/13 levels left

rFire   . . .      SeeInvis .   g - +7 mace of the Maze {spect, rPois Will+ Str+2}
rCold   . . .      Faith    .   (no shield)
rNeg    + . .      Spirit   .   a - +0 robe
rPois   +          Reflect  .   k - +0 hat of Muzu {rPois rN+ Str+4}
rElec   .          Harm     .   (no cloak)
rCorr   .          Rampage  .   (no gloves)
Will    +....                   (no boots)
Stlth   ++........              (no amulet)
HPRegen 0.08/turn               m - ring of the Open Hand {Fly MP+9}
MPRegen 0.18/turn               (no ring)

@: flying
A: no striking features
a: no special abilities


You were on level 6 of the Dungeon.
You visited 2 branches of the dungeon, and saw 6 of its levels.

You collected 143 gold pieces.

Inventory:

Hand Weapons
 g - the +7 mace of the Maze (weapon) {spect, rPois Will+ Str+2}
   (You found it on level 2 of the Dungeon)

   When its wielder attacks, the weapon's spirit leaps out and strikes again.
   The spirit shares a part of any damage it takes with its wielder.
   Str:       It affects your strength (+2).
   rPois:     It protects you from poison.
   Will:      It increases your willpower.
Armour
 a - a +0 robe (worn)
 k - the +0 hat of Muzu (worn) {rPois rN+ Str+4}
   (You acquired it on level 3 of the Dungeon)

   Str:       It affects your strength (+4).
   rPois:     It protects you from poison.
   rN:        It protects you from negative energy.
Magical Staves
 l - a staff of conjuration
Jewellery
 m - the ring of the Open Hand (left hand) {Fly MP+9}
   (You acquired it on level 3 of the Dungeon)

   [ring of magical power]

   MP:        It affects your magic capacity (+9).
   Fly:       It grants you flight.
Wands
 n - a wand of flame (4)
Scrolls
 c - a scroll of blinking
 f - a scroll of teleportation
 h - a scroll of noise
 i - a scroll of immolation {unknown}
 p - a scroll of fear {unknown}
 q - a scroll of identify
Potions
 b - a potion of magic
 d - a potion of curing {unknown}
 e - a potion of heal wounds {unknown}
 j - a potion of brilliance {unknown}
 o - a potion of haste {unknown}


   Skills:
 - Level 2.4 Dodging
 - Level 2.4 Stealth
 + Level 5.1 Spellcasting
 - Level 5.6 Conjurations


You had 3 spell levels left.
You knew the following spells:

 Your Spells              Type           Power      Damage    Failure   Level
a - Magic Dart            Conj           100%       1d8       1%          1
b - Fulminant Prism       Conj/Hex       10%        3d9       26%         4
c - Searing Ray           Conj           68%        2d6       1%          2
d - Dazzling Flash        Conj/Hex       40%        N/A       8%          3

Your spell library contained the following spells:

 Spells                   Type           Power      Damage    Failure   Level
 Necrotise                Necr           24%        1d5       9%          1
 Vampiric Draining        Necr           6%         2d6       24%         3
 Iskenderun's Mystic Bla  Conj/Tloc      20%        2d6       26%         4
 Agony                    Necr           6%         N/A       92%         5


Dungeon Overview and Level Annotations

Branches:
Dungeon (6/15)             Temple (1/1) D:6

Altars:
Ashenzari
Dithmenos
Elyvilon
Fedhas
Gozag
Hepliaklqana
Kikubaaqudgha
Makhleb
Nemelex Xobeh
Okawaru
Sif Muna
Trog
Xom
Zin
The Shining One


Message History

You fly upwards.
Welcome back to the Dungeon!
You hear the sound of rushing water.
There is an entrance to a sewer on this level.
Hurry and find it before the portal rusts away!
There is a staircase to the Ecumenical Temple here.
You hear the slow rusting of a drain very nearby.
i - a scroll labelled ORONED XOULI
q - a scroll of identify You hear the slow rusting of a drain nearby.
An iguana comes into view.
The iguana hisses angrily.
You feel a surge of power!
The magic dart hits the iguana but does no damage.
The iguana bites you.
You feel a surge of power!
The magic dart hits the iguana.
The iguana is moderately wounded.
The iguana bites you!
You are too injured to fight recklessly!
You are too injured to fight recklessly!
You are too injured to fight recklessly!
You are too injured to fight recklessly!
As you read the scroll of teleportation, it crumbles to dust.
You feel strangely unstable. The iguana barely misses you.
Found a scroll of identify.
The iguana attacks as you move away! The iguana closely misses you.
Your surroundings suddenly seem different.
A black bear comes into view.
Found a stone staircase leading up.
The helpless black bear fails to defend itself.
You hit the black bear.
The black bear is lightly wounded.
The black bear bites you.
* * * LOW HITPOINT WARNING * * *
The black bear claws you.
* * * LOW HITPOINT WARNING * * *
The black bear closely misses you.
You feel stronger.
You feel a bond with the +7 mace of the Maze {spect, rPois Will+ Str+2}.
g - the +7 mace of the Maze (weapon)
{spect, rPois Will+ Str+2} The black bear bites you.
You die...

##..............#
.#######.##..####.#
.........>#..#
....####..#.l####.###
# #.# #..#$.....?...
#.# #..#.#####.###
#.# #^.#.# ###.# #.#
#..#.##..<# #.#
#..#..@h.# #.#
#..####..#
######.####..# ..#
.............# ..#
########.#..........
#.###...###..## #.#
....# ... ## .#.....
... .........


You could see a black bear.

Vanquished Creatures
  An orc priest (D:3)
  3 adders (D:3)
  2 worms
  5 orcs (D:3)
  3 bats
  4 endoplasms
  3 giant cockroaches
  5 goblins
  3 hobgoblins
  4 jackals (D:2)
  A quokka (D:1)
  3 ball pythons
  2 frilled lizards
  3 kobolds
  A rat (D:1)
43 creatures vanquished.

Notes
Turn   | Place    | Note
-------+----------+-------------------------------------------
     0 | D:1      | GigaChad the Deep Elf Conjurer began the quest for the Orb.
     0 | D:1      | Reached XP level 1. HP: 10/10 MP: 6/6
   424 | D:1      | Reached XP level 2. HP: 13/15 MP: 1/8
   623 | D:2      | Reached skill level 5 in Conjurations
   813 | D:2      | Identified the +7 mace of the Maze {spect, rPois Will+
                  | Str+2}
  1355 | D:3      | Reached XP level 3. HP: 19/19 MP: 6/9
  1377 | D:3      | Identified 3 scrolls of acquirement
  1377 | D:3      | Acquired a staff of conjuration
  1382 | D:3      | Acquired the ring of the Open Hand {Fly MP+9}
  1388 | D:3      | Acquired the +0 hat of Muzu {rPois rN+ Str+4}
  2120 | D:3      | Reached XP level 4. HP: 24/24 MP: 12/12
  2147 | D:3      | Reached skill level 5 in Spellcasting
  2316 | D:3      | Learned a level 4 spell: Fulminant Prism
  2320 | D:3      | Learned a level 2 spell: Searing Ray
  2324 | D:3      | Learned a level 3 spell: Dazzling Flash
  2545 | D:4      | You are sucked into a shaft and drop 2 floors!
  2605 | D:6      | Found a staircase to the Ecumenical Temple.
  2617 | Temple   | Entered the Ecumenical Temple
  2709 | D:6      | Noticed a black bear
  2711 | D:6      | Slain by a black bear

Illustrated notes

Levels and vault maps discovered:
D:1:      matt_arrival_spirals, layout_loops_ring,
          chequers_ecumenical_altar_island, chequers_serial_rivers_room_b,
          minmay_misc_feat_nine_boxes
D:2:      layout_basic, chequers_serial_rivers_small_3
D:3:      layout_loops_ring
D:4:      layout_loops_corners, kennysheep_generic_room_5, uniq_robin
D:6:      minmay_evil_eye, layout_loops_ring, jmf_multi_god_temple2,
          temple_statues, gup_sewer_entry_bubbles, uniq_grinder, uniq_eustachio
Temple:   hellmonk_temple_two_chambers

Skill      XL: |  1  2  3  4 |
---------------+-------------+-----
Conjurations   | 5 |  5.6
Spellcasting   | 4 5 |  5.1
Dodging        | |  2.4
Stealth        | |  2.4

Action                   |  1- 3 |  4- 6 || total
-------------------------+-------+-------++-------
Melee: Mace              |     2 |       ||     2
       Staff             |       |     1 ||     1
 Cast: Magic Dart        |    68 |    16 ||    84
  Use: Scroll            |     3 |     4 ||     7
 Stab: Sleeping          |       |     1 ||     1
Armor: Robe              |     2 |       ||     2
Dodge: Dodged            |    13 |     6 ||    19
